 Dungeon Crawl Stone Soup version 0.17-a0-1713-gdf939a4 (webtiles) character file.

506 Geomchi the Chopper (level 6, -2/44 HPs)
             Began as a Demonspawn Gladiator on Aug 23, 2015.
             Slain by Bikaver's ghost (7 damage)
             ... on level 4 of the Dungeon.
             The game lasted 00:05:50 (3458 turns).

Geomchi the Chopper (Demonspawn Gladiator)          Turns: 3458, Time: 00:05:50

Health: -2/44      AC: 13    Str: 23      XL:     6   Next: 97%
Magic:  0/6        EV: 11    Int:  9      God:
Gold:   153        SH:  0    Dex: 12 (13) Spells: 0 memorised, 5 levels left

rFire  . . .     SeeInvis .     a - +0 war axe
rCold  . . .     Clarity  .     i - +0 ring mail
rNeg   . . .     SustAt   .     (no shield)
rPois  .         Gourm    .     c - +0 helmet
rElec  .         Spirit   +     q - +1 cloak
rCorr  .         Warding  .     t - +0 pair of gloves (curse)
rMut   .         Stasis   .     p - +0 pair of boots
MR     .....                    (no amulet)
Stlth  ..........               (no ring)
                                j - +3 ring of protection

@: confused, mighty, very slightly contaminated, not resistant to hostile
enchantments, extremely unstealthy
A: powered by death 1, magic shield, magic regeneration
a: no special abilities


You were on level 4 of the Dungeon.
You were very hungry.

You visited 1 branch of the dungeon, and saw 4 of its levels.

You collected 153 gold pieces.

Inventory:

Hand weapons
 a - a +0 war axe (weapon)
Missiles
 d - 3 throwing nets (quivered)
Armour
 c - a +0 helmet (worn)
 i - a +0 ring mail (worn)
 p - a +0 pair of boots (worn)
 q - a +1 cloak (worn)
 t - a cursed +0 pair of gloves (worn)
Jewellery
 j - a +3 ring of protection (left hand)
Scrolls
 b - 2 scrolls of enchant armour {unknown}
 g - 2 scrolls of identify {unknown}
 h - 2 scrolls of random uselessness {unknown}
 k - 2 scrolls of immolation {unknown}
 l - a scroll of remove curse {unknown}
 u - a scroll of blinking {unknown}
 x - a scroll of recharging {unknown}
Comestibles
 e - 4 bread rations {@e1}
 f - 2 slices of pizza
 n - 2 beef jerkies
 o - a meat ration {@e2}
 z - 6 chunks of flesh {@w0}


   Skills:
 - Level 2.0 Fighting
 + Level 7.3 Axes
 - Level 1.7 Throwing
 - Level 2.6 Dodging


You had 5 spell levels left.
You didn't know any spells.

Dungeon Overview and Level Annotations

Branches:
Dungeon (4/15)
 Temple: D:4-7

Altars:
Ashenzari
Dithmenos
Elyvilon
Fedhas
Okawaru
Qazlal
Ru
Xom
The Shining One

Annotations:
D:4 Bikaver's ghost, average FeEn


Innate Abilities, Weirdness & Mutations

You regenerate a little health from kills.
When hurt, damage is shared between your health and your magic reserves.
You regenerate magic rapidly.


Message History

You take 1 damage, and have 22/44 hp.
You barely miss Bikaver's ghost. Bikaver's ghost casts a spell at you.
You resist with significant effort.
MP restored: 6 You miss Bikaver's ghost.
Bikaver's ghost casts a spell at you.
You fall asleep.
Bikaver's ghost hits you!!
You wake up.
* * * LOW HITPOINT WARNING * * *
You take 18 damage, and have 4/44 hp.
MASSIVE DAMAGE!!
You now have 1/6 mp.
You miss Bikaver's ghost.
Bikaver's ghost hits you but does no damage.
You closely miss Bikaver's ghost.
For a moment, you lose track of Bikaver's ghost.
Bikaver's ghost stares at you and mumbles some strange words.
You are confused.
You aren't carrying any potions.
You're too confused!
You're too confused to move!
Bikaver's ghost hits you!
You die...

#.......#..#...#..##
#.......#..'...'...#
#....#'##..#...#...
#....'.....#...#
#....#.#####...#######
##...#.######.).......
#...#...'..'.........
#...#...##.#.........
#...'@..##.#....#+###
#...#W..##.#....+
#...#...##.'....#
#...'...##'#....#
#...#...#.......#
#...#...'...##'## #..
##'##...+ ... #..
.......# ##+ #.
..........


You could see Bikaver's ghost.

Vanquished Creatures
  An ogre (D:4)
  A hound (D:4)
  2 orc wizards
  Crazy Yiuf (D:3)
  A gnoll shaman (D:4)
  Ijyb (D:3)
  An iguana (D:4)
  An orc priest (D:3)
  6 adders
  5 gnolls (D:4)
  2 worms (D:2)
  An adder zombie (D:4)
  A giant gecko (D:4)
  12 orcs
  4 giant cockroaches
  4 hobgoblins
  4 jackals (D:3)
  A quokka (D:4)
  3 ball pythons
  11 bats
  A giant newt (D:1)
  11 goblins
  3 kobolds
  8 rats
86 creatures vanquished.

Notes
Turn   | Place    | Note
--------------------------------------------------------------
     0 | D:1      | Geomchi the Demonspawn Gladiator began the quest for the Orb.
     0 | D:1      | Reached XP level 1. HP: 16/16 MP: 1/1
   205 | D:1      | Reached skill level 3 in Axes
   432 | D:1      | Gained mutation: When hurt, damage is shared between your health and your magic reserves. [demonic ancestry]
   432 | D:1      | Reached XP level 2. HP: 22/22 MP: 2/2
  1198 | D:2      | Gained mutation: You regenerate a little health from kills. [demonic ancestry]
  1198 | D:2      | Reached XP level 3. HP: 24/27 MP: 3/3
  1293 | D:2      | Reached skill level 4 in Axes
  1786 | D:2      | Found a blossoming altar of Fedhas.
  1937 | D:2      | Reached XP level 4. HP: 24/33 MP: 2/4
  1995 | D:3      | Found a stormy altar of Qazlal.
  1995 | D:3      | Noticed a fire elemental
  1998 | D:3      | Noticed a water elemental
  1998 | D:3      | Noticed an air elemental
  1998 | D:3      | Noticed Ijyb
  2016 | D:3      | Killed Ijyb
  2083 | D:3      | Reached skill level 5 in Axes
  2207 | D:3      | Reached XP level 5. HP: 38/38 MP: 5/5
  2339 | D:3      | Found a glowing golden altar of the Shining One.
  2341 | D:3      | Found a sacrificial altar of Ru.
  2341 | D:3      | Found an iron altar of Okawaru.
  2341 | D:3      | Found a shadowy altar of Dithmenos.
  2344 | D:3      | Found a shimmering altar of Xom.
  2346 | D:3      | Found a shattered altar of Ashenzari.
  2517 | D:3      | Found a white marble altar of Elyvilon.
  2791 | D:3      | Noticed Crazy Yiuf
  2798 | D:3      | Killed Crazy Yiuf
  2798 | D:3      | Reached skill level 6 in Axes
  2980 | D:4      | Gained mutation: You regenerate magic rapidly. [demonic ancestry]
  2980 | D:4      | Reached XP level 6. HP: 42/44 MP: 6/6
  3292 | D:4      | Noticed an ogre
  3301 | D:4      | Killed an ogre
  3301 | D:4      | Reached skill level 7 in Axes
  3328 | D:4      | Noticed Bikaver's ghost (average FeEn)
  3458 | D:4      | Slain by Bikaver's ghost

Vault maps used:
D:1:      lightli_arrival_farm, serial_bayou_pond_e, minmay_crystal_room
D:2:      lemuel_coloured_pillars_altar, first_bread, serial_bayou_crossing
D:3:      nicolae_qazlal_style_of_elements, minitemple, old_standard_altar,
          minmay_door_square, uniq_crazy_yiuf_cottage, uniq_iyjb

Action                   |  1- 3 |  4- 6 || total
-------------------------+-------+-------++-------
Melee: War axe           |   104 |   250 ||   354
  Use: Potion            |       |     6 ||     6
  Eat: Chunk             |     2 |     6 ||     8
